 Dungeon Crawl Stone Soup version 0.30-a0-782-ge64f9170bb (webtiles) character file.

Game seed: 15282832828626735259

32268 Conn the Thaumaturge (level 13, -2/72 HPs)
             Began as an Octopode Fire Elementalist on Feb 23, 2023.
             Was a High Priest of Sif Muna.
             Slain by a demonic crawler (16 damage)
             ... on level 4 of the Lair of Beasts.
             The game lasted 00:49:33 (18394 turns).

Conn the Thaumaturge (Octopode Fire Elementalist)  Turns: 18394, Time: 00:49:33

Health: -2/72      AC:  3    Str: 11    XL:     13   Next: 63%
Magic:  3/30       EV: 13    Int: 22    God:    Sif Muna [*****.]
Gold:   2063       SH:  8    Dex: 11    Spells: 6/38 levels left

rFire   + + .      SeeInvis .    A - +2 short sword (drain)
rCold   x . .      Faith    +    t - +3 buckler "Zuah" {rF+}
rNeg    + . .      Spirit   .    D - +2 hat "Aluxt" {rN+ Will+ rCorr}
rPois   +          Reflect  .    i - amulet of faith
rElec   .          Harm     .    c - ring of fire
rCorr   +          Rampage  .    s - ring of poison resistance
Will    +++..                    v - ring of willpower
Stlth   +++++                    E - ring of resist corrosion
HPRegen 0.32/turn                (no ring)
MPRegen 0.22/turn                (no ring)
                                 (no ring)
                                 (no ring)

@: slowed, very slow
A: almost no armour, amphibious, 8 rings, camouflage 1, gelatinous body 1,
nimble swimmer 1, tentacles, strong-willed 1, strong 1, wild magic 1, noise
suppression
a: Renounce Religion, Channel Magic, Forget Spell, Divine Exegesis


You were on level 4 of the Lair of Beasts.
You worshipped Sif Muna.
Sif Muna was extremely pleased with you.
You visited 3 branches of the dungeon, and saw 17 of its levels.

You collected 2063 gold pieces.

Inventory:

Hand Weapons
 a - a +0 dagger
 A - a +2 short sword of draining (weapon)
 K - the +5 woodcutter's axe
   (You found it on level 7 of the Dungeon)
Missiles
 B - a throwing net
 G - a curare-tipped dart
Armour
 t - the +3 buckler "Zuah" (worn) {rF+}
   (You acquired it on level 6 of the Dungeon)

   rF:        It protects you from fire.
 C - a +2 hat
 D - the +2 hat "Aluxt" (worn) {rN+ Will+ rCorr}
   (You acquired it on level 6 of the Dungeon)

   rN:        It protects you from negative energy.
   rCorr:     It protects you from acid and corrosion.
   Will:      It increases your willpower.
 L - an orb of energy
Jewellery
 c - a ring of fire (left tentacle)
 i - an amulet of faith (around mantle)
 s - a ring of poison resistance (right tentacle)
 v - a ring of willpower (on tentacle)
 E - a ring of resist corrosion (on tentacle)
 N - an amulet of the acrobat
Wands
 h - a wand of mindburst (28)
 y - a wand of polymorph (17)
 I - a wand of flame (20)
 M - a wand of iceblast (5)
 O - a wand of paralysis (3)
Scrolls
 b - 2 scrolls of poison
 d - 2 scrolls of fear
 e - 2 scrolls of torment
 k - 3 scrolls of enchant armour
 l - 4 scrolls of teleportation
 m - a scroll of brand weapon {unknown}
 n - 4 scrolls of amnesia
 p - 2 scrolls of silence
 q - 5 scrolls of immolation
 r - 3 scrolls of enchant weapon
 u - 3 scrolls of identify
 z - 2 scrolls of fog
Potions
 f - 10 potions of curing
 g - 5 potions of flight
 j - 2 potions of mutation
 o - 5 potions of haste
 w - a potion of might {unknown}
 x - a potion of ambrosia
 F - 2 potions of berserk rage
 H - 4 potions of lignification
 J - a potion of brilliance


   Skills:
 + Level 1.0 Fighting
 + Level 1.2 Short Blades
 + Level 3.6 Dodging
 + Level 7.2 Stealth
 * Level 6.4 Shields
 * Level 13.2 Spellcasting
 * Level 9.5 Conjurations
 - Level 4.8 Hexes
 - Level 4.5 Summonings
 + Level 10.2 Fire Magic
 * Level 5.2 Invocations


You had 6 spell levels left.
You knew the following spells:

 Your Spells              Type           Power      Damage    Failure   Level
a - Foxfire               Conj/Fire      100%       2x1d9     1%          1
b - Flame Wave            Conj/Fire      85%        2d18      1%          4
c - Inner Flame           Hex/Fire       75%        N/A       1%          3
d - Call Canine Familiar  Summ           45%        N/A       4%          3
e - Scorch                Fire           100%       2d10      1%          2
f - Fireball              Conj/Fire      42%        3d17      4%          5
g - Starburst             Conj/Fire      42%        6d12      21%         6
h - Hailstorm             Conj/Ice       46%        3d11      4%          3
i - Irradiate             Conj/Tmut      23%        3d19      30%         5

Your spell library contained the following spells:

 Spells                   Type           Power      Damage    Failure   Level
 Summon Small Mammal      Summ           100%       N/A       1%          1
 Tukima's Dance           Hex            46%        N/A       4%          3
 Ensorcelled Hibernation  Hex/Ice        64%        N/A       5%          2
 Kindle Blastsparks       Fire/Tloc/Air  100%       2d18      7%          3
 Apportation              Tloc           36%        N/A       9%          1
 Necrotise                Necr           72%        1d7       9%          1
 Portal Projectile        Hex/Tloc       64%        N/A       10%         3
 Leda's Liquefaction      Hex/Erth       16%        N/A       28%         4
 Animate Dead             Necr           18%        N/A       58%         4
 Passage of Golubria      Tloc           18%        N/A       58%         4
 Yara's Violent Unravell  Hex/Tmut       16%        3d8       58%         5
 Alistair's Intoxication  Tmut/Pois      12%        N/A       88%         5
 Borgnjor's Vile Clutch   Necr/Erth      9%         N/A       88%         5
 Death Channel            Necr           9%         N/A       100%        6
 Eringya's Noxious Bog    Tmut/Pois      9%         N/A       100%        6
 Enfeeble                 Hex            23%        N/A       100%        7
 Storm Form               Tmut/Air       9%         N/A       100%        7


Dungeon Overview and Level Annotations

Branches:
Dungeon (12/15)            Temple (1/1) D:4            Lair (4/5) D:10
 Shoals (0/4) Lair:2        Snake (0/4) Lair:3
  Slime: Lair:4-5       Orc: D:9-12

Altars:
Ashenzari
Cheibriados
Dithmenos
Elyvilon
Fedhas
Gozag
Hepliaklqana
Kikubaaqudgha
Makhleb
Nemelex Xobeh
Okawaru
Qazlal
Ru
Sif Muna
Trog
Uskayaw
Vehumet
Wu Jian
Xom
Yredelemnul
Zin
The Shining One

Shops:
D:7 *


Innate Abilities, Weirdness & Mutations

You cannot wear most types of armour.
You are amphibious.
You can wear up to eight rings at the same time.
Your skin changes colour to match your surroundings (Stealth+).
Your rubbery body absorbs attacks. (AC +1, EV +1)
You are camouflaged when in or above water. (Stealth+)
You have tentacles for arms and can constrict up to eight enemies at once.
You are strong-willed. (Will+)
Your muscles are strong. (Str +4, Int/Dex -1)
Your spells are a little harder to cast, but a little more powerful.
You passively dampen the noise of your surroundings.


Message History

You feel a surge of power!
A wave of flame ripples out!
The flame wave engulfs the swamp worm!
The swamp worm is severely wounded.
The flame wave engulfs your foxfire.
Your foxfire completely resists. (Press . to intensify the flame waves.)
You feel yourself speed up.
The foxfire hits the swamp worm.
The swamp worm is almost dead.
The foxfire hits the swamp worm!
You kill the swamp worm!
Sif Muna accepts your kill.
The foxfire hits the swamp worm.
The swamp worm is severely wounded.
The swamp worm is engulfed in a cloud of scalding steam.
The swamp worm fires a harpoon shot at you.
The harpoon shot hits you!
* * * LOW HITPOINT WARNING * * *
You are yanked forward by the harpoon shot.
Floosh!
The demonic crawler is engulfed in a cloud of scalding steam.
Being near the torpor snail leaves you feeling lethargic.
The swamp worm is engulfed in a cloud of scalding steam.
The swamp worm misses you.
Casting: Flame Wave (dangerous; 1% risk of failure)
Confirm with . or Enter, or press ? or * to list all spells.
You don't have enough magic to cast this spell.
Casting: Flame Wave (dangerous; 1% risk of failure)
Confirm with . or Enter, or press ? or * to list all spells.
Okay, then.
Unknown command.
As you read the scroll of fear, it crumbles to dust.
You assume a fearsome visage.
The torpor snail easily resists.
The demonic crawler resists with almost no effort.
The swamp worm looks frightened!
The demonic crawler barely misses you.
The demonic crawler completely misses you.
The demonic crawler barely misses you. x2; The demonic crawler hits you.
* * * LOW HITPOINT WARNING * * *
The demonic crawler hits you!
You die...

~#~ ~~ # ~~##~## #
~~~#~# #~###≈~~.##
~~|#P~~..#
~ww§~.## #s@§§.###
###§~§.§..#
#~§§§§§§..#
~≈~≈~§~§§.§..##
~~~~~....§†§..###
~......#..†<....#
##.###.##........#
## ## ##.......#
#........#


You could see a torpor snail, a demonic crawler and a swamp worm (fleeing).

Vanquished Creatures
  Gastronok (D:8)
  A hydra (Lair:3)
  The ghost of zibby the Spear-Bearer, a journeyman DsGl (D:11)
  Urug (Lair:2)
  Amaemon (Lair:2)
  Pikel (D:8)
  A manticore (Lair:2)
  3 cyclopes
  2 black mambas
  4 elephants
  6 cane toads
  A torpor snail (Lair:1)
  An orange demon (Lair:2)
  A gargoyle (D:10)
  A rime drake (Lair:2)
  Psyche (D:8)
  2 komodo dragons
  2 trolls
  5 blink frogs (Lair:3)
  A wind drake (Lair:2)
  A hornet (D:9)
  A slime creature (D:12)
  2 shadows
  Sigmund (D:4)
  A wraith (D:12)
  3 wyverns
  61 yaks
  2 basilisks (Lair:2)
  A steam dragon (D:9)
  8 vampire mosquitoes
  Menkaure (D:6)
  3 swamp worms (Lair:4)
  27 water moccasins
  3 sky beasts
  A swamp drake (Lair:2)
  3 black bears
  4 orc warriors
  An ogre (D:6)
  2 lemures (D:8)
  7 wolves
  4 centaurs
  4 kobold brigands
  5 bullfrogs
  5 scorpions
  12 wights
  9 killer bees
  4 electric eels
  A jelly (D:4)
  10 hounds
  3 orc priests
  3 iguanas
  4 orc wizards
  3 gnolls (D:5)
  21 adders
  A shadow imp (D:6)
  2 white imps (D:7)
  An ufetubus (D:5)
  2 worms
  3 dart slugs
  37 orcs
  4 ball pythons
  10 endoplasms
  5 giant cockroaches
  3 goblins
  7 hobgoblins
  7 jackals (D:1)
  5 quokkas
  6 bats
  2 frilled lizards (D:1)
  24 kobolds
  6 rats
383 creatures vanquished.

Vanquished Creatures (collateral kills)
  9 foxfires
9 creatures vanquished.

Vanquished Creatures (others)
  972 foxfires
  10 fungi
  37 plants
1019 creatures vanquished.

Grand Total: 1411 creatures vanquished

Notes
Turn   | Place    | Note
-------+----------+-------------------------------------------
     0 | D:1      | Conn the Octopode Fire Elementalist began the quest for the
                  | Orb.
     0 | D:1      | Reached XP level 1. HP: 11/11 MP: 3/3
    99 | D:1      | Reached XP level 2. HP: 13/17 MP: 1/5
   492 | D:1      | Reached XP level 3. HP: 21/21 MP: 2/6
  1049 | D:2      | You fall into a shaft and drop 2 floors!
  1065 | D:4      | Found a staircase to the Ecumenical Temple.
  1077 | Temple   | Entered the Ecumenical Temple
  1275 | D:4      | Reached XP level 4. HP: 26/27 MP: 4/7
  1278 | D:4      | Learned a level 2 spell: Scorch
  1282 | D:4      | Learned a level 3 spell: Inner Flame
  1380 | D:3      | Found a shadowy altar of Dithmenos.
  1894 | D:2      | Reached XP level 5. HP: 27/31 MP: 6/8
  3485 | D:4      | Reached skill level 3 in Spellcasting
  3485 | D:4      | Reached XP level 6. HP: 27/36 MP: 1/10
  3869 | D:4      | Noticed a water moccasin
  3876 | D:4      | Killed a water moccasin
  3877 | D:4      | Reached skill level 5 in Fire Magic
  3877 | D:4      | Reached XP level 7. HP: 31/41 MP: 1/12
  4325 | D:4      | Noticed Sigmund
  4333 | D:4      | Killed Sigmund
  4334 | D:4      | Reached skill level 4 in Spellcasting
  4512 | D:5      | Entered Level 5 of the Dungeon
  4543 | D:5      | Reached skill level 5 in Stealth
  4762 | D:5      | Learned a level 4 spell: Flame Wave
  4766 | D:5      | Learned a level 3 spell: Call Canine Familiar
  5127 | D:5      | Reached XP level 8. HP: 42/46 MP: 15/15
  5612 | D:6      | Reached skill level 1 in Short Blades
  5612 | D:6      | Reached skill level 5 in Spellcasting
  5612 | D:6      | Reached skill level 1 in Hexes
  5818 | D:6      | Noticed Menkaure
  5824 | D:6      | Killed Menkaure
  5825 | D:6      | Reached skill level 1 in Summonings
  6283 | D:6      | Reached skill level 6 in Spellcasting
  6428 | D:6      | Identified a scroll of acquirement
  6429 | D:6      | Acquired the +3 buckler "Zuah" {rF+}
  6467 | D:6      | Acquired 658 gold pieces
  6469 | D:6      | Acquired 638 gold pieces
  6471 | D:6      | Acquired the +2 hat "Aluxt" {rN+ Will+ rCorr}
  6645 | D:6      | Reached XP level 9. HP: 51/51 MP: 7/18
  7015 | D:6      | Reached skill level 5 in Conjurations
  7207 | D:7      | Found Zin's Purification Station.
  7213 | D:7      | Found a glowing silver altar of Zin.
  7368 | D:7      | Reached skill level 1 in Shields
  7649 | D:7      | Found a burning altar of Makhleb.
  7677 | D:7      | Found a bloodstained altar of Trog.
  7700 | D:7      | Found the +5 woodcutter's axe
  7890 | D:7      | Reached skill level 7 in Spellcasting
  8338 | D:8      | Noticed Gastronok
  8409 | D:8      | Killed Gastronok
  8410 | D:8      | Reached XP level 10. HP: 54/57 MP: 1/21
  8605 | D:8      | Reached skill level 8 in Spellcasting
  8681 | D:8      | Found a hazy altar of Hepliaklqana.
  8682 | D:8      | Found a shimmering altar of Xom.
  8683 | D:8      | Noticed a spectral ugly thing
  8690 | D:8      | Noticed Psyche
  8696 | D:8      | Killed Psyche
  8772 | D:8      | Noticed Pikel
  8779 | D:8      | Killed Pikel
  8996 | D:8      | Found a shimmering blue altar of Sif Muna.
  9001 | D:8      | Became a worshipper of Sif Muna the Loreminder
  9837 | D:9      | Reached * piety under Sif Muna
  9838 | D:9      | Reached skill level 9 in Spellcasting
  9845 | D:9      | Reached XP level 11. HP: 44/62 MP: 0/24
 10587 | D:9      | Noticed a cyclops
 10596 | D:9      | Killed a cyclops
 10882 | D:10     | Entered Level 10 of the Dungeon
 11064 | D:9      | Gained mutation: You occasionally shout uncontrollably at
                  | your foes. [potion of mutation]
 11064 | D:9      | Gained mutation: You have hidden genetic defects. [potion
                  | of mutation]
 11064 | D:9      | Gained mutation: One of your tentacles bears a spike.
                  | [potion of mutation]
 11064 | D:9      | Gained mutation: You passively map a small area around you.
                  | [potion of mutation]
 11065 | D:9      | Lost mutation: You occasionally shout uncontrollably at
                  | your foes. [potion of mutation]
 11065 | D:9      | Lost mutation: One of your tentacles bears a spike. [potion
                  | of mutation]
 11065 | D:9      | Lost mutation: You passively map a small area around you.
                  | [potion of mutation]
 11065 | D:9      | Gained mutation: Your body sometimes deteriorates upon
                  | taking damage. [potion of mutation]
 11066 | D:9      | Lost mutation: You have hidden genetic defects. [potion of
                  | mutation]
 11066 | D:9      | Lost mutation: Your body sometimes deteriorates upon taking
                  | damage. [potion of mutation]
 11066 | D:9      | Gained mutation: Your spells are a little harder to cast,
                  | but a little more powerful. [potion of mutation]
 11066 | D:9      | Gained mutation: You passively dampen the noise of your
                  | surroundings. [potion of mutation]
 11066 | D:9      | Gained mutation: Your muscles are strong. (Str +4, Int/Dex
                  | -1) [potion of mutation]
 11066 | D:9      | Gained mutation: You are strong-willed. (Will+) [potion of
                  | mutation]
 11149 | D:9      | Learned a level 5 spell: Fireball
 11156 | D:9      | Learned a level 6 spell: Starburst
 11204 | D:10     | Found a stormy altar of Qazlal.
 11282 | D:10     | Reached ** piety under Sif Muna
 11491 | D:10     | Reached skill level 10 in Spellcasting
 11667 | D:10     | Found a staircase to the Lair.
 11765 | D:10     | Reached skill level 1 in Invocations
 12664 | D:11     | Reached *** piety under Sif Muna
 12698 | D:11     | Noticed a cyclops
 12708 | D:11     | Killed a cyclops
 12781 | D:11     | Noticed zibby's ghost (journeyman DsGl)
 12784 | D:11     | Found a runed translucent door.
 12800 | D:11     | Found the +5 robe of Misfortune {Harm *Corrode *Slow EV+5}
 12813 | D:11     | Found a radiant altar of Vehumet.
 13155 | D:11     | Killed zibby's ghost
 13156 | D:11     | Reached XP level 12. HP: 19/67 MP: 1/26
 13443 | D:12     | Reached skill level 11 in Spellcasting
 13660 | Lair:1   | Entered Level 1 of the Lair of Beasts
 14298 | Lair:1   | Reached **** piety under Sif Muna
 15039 | Lair:2   | Noticed Urug
 15052 | Lair:2   | Killed Urug
 15461 | Lair:2   | Reached skill level 5 in Shields
 15465 | Lair:2   | Reached skill level 12 in Spellcasting
 15769 | Lair:2   | Found a staircase to the Shoals.
 16215 | Lair:2   | Noticed Amaemon
 16216 | Lair:2   | Reached ***** piety under Sif Muna
 16242 | Lair:3   | Found the +5 demon whip "Spellbinder" {antimagic, disrupt,
                  | Will+}
 16264 | Lair:2   | Reached XP level 13. HP: 30/72 MP: 12/29
 16310 | Lair:2   | Killed Amaemon
 17329 | Lair:3   | Reached skill level 10 in Fire Magic
 17795 | Lair:3   | Reached skill level 5 in Invocations
 18010 | Lair:3   | Received a gift from Sif Muna
 18014 | Lair:3   | Reached skill level 13 in Spellcasting
 18018 | Lair:3   | Got Evoysag's Verses on Chilled Shaping {god gift}
 18023 | Lair:3   | Learned a level 3 spell: Hailstorm
 18029 | Lair:3   | Learned a level 5 spell: Irradiate
 18171 | Lair:3   | Found a staircase to the Snake Pit.
 18390 | Lair:4   | Reached skill level 1 in Fighting
 18394 | Lair:4   | Slain by a demonic crawler

Illustrated notes

Levels and vault maps discovered:
D:1:      matt_arrival_spirals, layout_rooms
D:2:      cheibrodos_pilgrimage, layout_basic
D:3:      layout_basic, lemuel_doored_altar, serial_bayou_crossing
D:4:      layout_loops_ring, minmay_temple_entry_glassed_door, uniq_sigmund
D:5:      layout_basic, supply_closet_lemuel, dreamdust_princess_corridor
D:6:      layout_gridville, minmay_starry_boxes, uniq_menkaure
D:7:      layout_gridville, mainiacjoe_overflow_brackets, trog_ov_bears_minmay,
          zin_purify
D:8:      layout_gridville, regret_index_temple_of_mockery,
          kennysheep_little_box, minmay_unpleasant_kobolds, uniq_pikel,
          uniq_gastronok, uniq_psyche
D:9:      layout_loops_ring, kennysheep_minor_cross
D:10:     layout_loops_ring, nicolae_qazlal_eye_of_the_storm, erik_lair_island
D:11:     layout_irregular_city, hellmonk_ghost_happy_afterlife,
          vehumet_altar_wand_db
D:12:     nzn_winding_woodlands_cross [nzn_winding_woodlands_5x15_sawtooth,
          nzn_winding_woodlands_5x15_sidewinder, nzn_winding_woodlands_5x15_eye,
          nzn_winding_woodlands_5x15_cabin,
          nzn_winding_woodlands_15x15_five_gardens], layout_loops_cross,
          orc_0_dummy, uniq_maurice, uniq_fannar, uniq_lodul, uniq_nergalle
Temple:   nicolae_temple_bog_church
Lair:1:   layout_roguey
Lair:2:   lemuel_reptile_caves, layout_cave_pods, minmay_shoals_entry_beasts,
          lemuel_fruit_fields, uniq_urug, uniq_amaemon
Lair:3:   layout_big_grid, dummy_snake_entry, infiniplex_staircase_pool_2,
          serial_bayou_shore_b
Lair:4:   layout_hall_layers, serial_rivers, chequers_serial_rivers_micro_b,
          chequers_serial_rivers_large_b, chequers_serial_rivers_small_b,
          chequers_serial_rivers_micro_a, chequers_serial_rivers_room_b,
          worms_lemuel, grunt_megastairs_3

Skill      XL: |  1  2  3  4  5  6  7  8  9 10 11 12 13 |
---------------+----------------------------------------+-----
Stealth        | 3 4 5 6 7 |  7.2
Conjurations   | 2 3 4 6 7 8 9 |  9.5
Fire Magic     | 4 5 6 7 8 9 10 | 10.2
Spellcasting   | 3 4 6 7 9 10 12 13 | 13.2
Short Blades   | 1 |  1.2
Hexes          | 2 3 4 |  4.8
Summonings     | 1 3 4 |  4.5
Dodging        | 3 |  3.6
Shields        | 2 3 4 5 6 |  6.4
Invocations    | 2 4 5 |  5.2
Fighting       | 1 |  1.0

Action                     |  1- 3 |  4- 6 |  7- 9 | 10-12 | 13-15 || total
---------------------------+-------+-------+-------+-------+-------++-------
  Melee: Unarmed           |    20 |       |       |       |       ||    20
         Constrict         |     7 |     4 |    11 |     4 |     2 ||    28
         Tentacles         |     5 |     4 |     6 |     5 |       ||    20
         Dagger            |     4 |    19 |       |       |       ||    23
         Short sword       |       |       |    32 |    32 |     5 ||    69
   Cast: Foxfire           |    46 |    78 |   179 |   211 |    66 ||   580
         Scorch            |       |    11 |    27 |    94 |    30 ||   162
         Inner Flame       |       |       |     7 |     7 |     2 ||    16
         Flame Wave        |       |       |     1 |    42 |    17 ||    60
         Call Canine Famil |       |       |       |     6 |     1 ||     7
         Fireball          |       |       |       |     6 |    10 ||    16
 Invoke: Channel Magic     |       |       |       |     1 |     1 ||     2
  Evoke: Wand              |       |       |     1 |       |       ||     1
    Use: Scroll            |     1 |     7 |    16 |    11 |     4 ||    39
         Potion            |     1 |     1 |     1 |     6 |     1 ||    10
   Stab: Sleeping          |     1 |     7 |     5 |     8 |       ||    21
 Armour: Skin              |     1 |     1 |     4 |     5 |     4 ||    15
  Dodge: Dodged            |    26 |    18 |    22 |    71 |    21 ||   158
  Block: Buckler           |       |       |       |    37 |     9 ||    46

Table legend: (Time is in decaauts)
 A = Elapsed time spent in this place.
 B = Non-inter-level travel time spent in this place.
 C = Inter-level travel time spent in this place.
 D = Time resting spent in this place.
 E = Time spent auto-exploring this place.
 F = Levels seen in this place.
 G = Mean time per level.
                   A        B        C        D        E       F      G
               +--------+--------+--------+--------+--------+-----+--------+
         Total |  18407 |  17857 |    550 |    842 |  13586 |  17 | 1082.8 |
       Dungeon |  13510 |  13067 |    443 |    404 |  10110 |  12 | 1125.8 |
        Temple |    155 |    146 |      9 |      0 |    100 |   1 |  155.0 |
          Lair |   4741 |   4643 |     98 |    438 |   3376 |   4 | 1185.2 |
               +--------+--------+--------+--------+--------+-----+--------+

Top non-repeatable levels by time:
  Lair:2: 2525 daAuts
     D:9: 1535 daAuts
     D:8: 1406 daAuts
     D:6: 1385 daAuts
     D:2: 1369 daAuts
    D:11: 1364 daAuts
  Lair:1: 1331 daAuts
     D:5: 1166 daAuts
     D:4: 1096 daAuts
     D:7: 1095 daAuts
    D:10: 1065 daAuts
     D:3: 1028 daAuts
  Lair:3: 862 daAuts
     D:1: 861 daAuts
  Temple: 155 daAuts
